 Dungeon Crawl Stone Soup version 0.26.1-11-gd32895ea62 (webtiles) character file.

Game seed: 7092858523477101479

10979 raph the Destroyer (level 11, -1/63 HPs)
             Began as a Tengu Fire Elementalist on Apr 15, 2021.
             Was a High Priest of Ru.
             Slain by an eight-headed hydra (5 damage)
             ... on level 2 of the Lair of Beasts.
             The game lasted 00:30:17 (14925 turns).

raph the Destroyer (Tengu Fire Elementalist)       Turns: 14925, Time: 00:30:18

Health: -1/63      AC:  8    Str:  8    XL:     11   Next: 70%
Magic:  8/19       EV: 25    Int: 19    God:    Ru [*****.]
Gold:   493        SH:  5    Dex: 25    Spells: 1/20 levels left

rFire    x . .     SeeInvis .   a - +1 quarterstaff
rCold    . . .     Faith    .   (shield currently unavailable)
rNeg     . . .     Spirit   .   e - +0 robe
rPois    +         Reflect  +   (helmet restricted)
rElec    .         Harm     .   j - +2 cloak {rPois}
rCorr    .         Rampage  .   x - +2 pair of gloves
Will     .....                  (boots unavailable)
Stlth    ..........             D - amulet of reflection
HPRegen  0.20/turn              t - +6 ring of dexterity
MPRegen  0.16/turn              y - ring of Eneoc {*Contam rPois rC+ Dex+4 Stlth+}

@: flying quickly and evasively, quick
A: beak, talons 3, no stealth, inability to use devices, able to fly,
temperature sensitive
a: Stop Flying, Renounce Religion, Sacrifice Words, Sacrifice Durability,
Sacrifice Health, Reject Sacrifices, Draw Out Power, Power Leap, Apocalypse


You were on level 2 of the Lair of Beasts.
You worshipped Ru.
Ru was extremely pleased with you.
You visited 2 branches of the dungeon, and saw 10 of its levels.
You also visited: Sewer.

You collected 493 gold pieces.

Inventory:

Hand Weapons
 a - a +1 quarterstaff (weapon)
 b - a +0 shortbow
 n - a +1 whip
 s - the +8 hunting sling "Kacemuh" {flame, rN+++ Str-4 Int+3}
   (You found it on level 4 of the Dungeon)

   It causes projectiles fired from it to burn those they strike, causing extra
   injury to most foes and up to half again as much damage against particularly
   susceptible opponents.
   It affects your strength (-4).
   It affects your intelligence (+3).
   It renders you almost immune to negative energy.
 C - a +0 morningstar
Missiles
 f - 135 arrows
Armour
 e - a +0 robe (worn)
 j - a +2 cloak of poison resistance (worn)
 x - a +2 pair of gloves (worn)
Jewellery
 d - an uncursed amulet of regeneration
 o - an uncursed ring of positive energy
 r - an uncursed ring of see invisible {unknown}
 t - a +6 ring of dexterity (left hand)
 y - the ring of Eneoc (right hand) {*Contam rPois rC+ Dex+4 Stlth+}
   (You found it on level 6 of the Dungeon)

   [ring of stealth]

   It affects your dexterity (+4).
   It protects you from cold.
   It protects you from poison.
   It causes magical contamination when unequipped.
   It makes you more stealthy.
 B - an uncursed amulet of faith
 D - an amulet of reflection (around neck)
Wands
 m - a wand of acid (9)
Scrolls
 h - 5 scrolls of identify
 l - 2 scrolls of remove curse
 p - 3 scrolls of teleportation
 w - a scroll of magic mapping
 A - 2 scrolls of blinking
Potions
 c - 2 potions of attraction
 g - 3 potions of mutation
 i - 2 potions of lignification
 k - 2 potions of berserk rage
 q - 5 potions of curing
 u - 4 potions of flight {unknown}
 v - 2 potions of heal wounds {unknown}
 z - a potion of might {unknown}


   Skills:
 + Level 5.1 Fighting
 + Level 8.5 Dodging
 - Level 5.1 Spellcasting
 * Level 13.1 Conjurations
 * Level 11.8 Fire Magic


You had one spell level left.
You knew the following spells:

 Your Spells              Type           Power        Failure   Level
a - Foxfire               Conj/Fire      100%         1%          1
b - Conjure Flame         Conj/Fire      51%          1%          3
c - Sticky Flame          Conj/Fire      51%          1%          4
d - Fireball              Conj/Fire      25%          1%          5
e - Inner Flame           Hex/Fire       27%          3%          3
f - Dazzling Flash        Conj/Hex       58%          2%          3

Your spell library contained the following spells:

 Spells                   Type           Power        Failure   Level
 Magic Dart               Conj           100%         1%          1
 Searing Ray              Conj           100%         1%          2
 Fulminant Prism          Conj/Hex       14%          9%          4
 Iskenderun's Mystic Bla  Conj/Tloc      29%          9%          4


Dungeon Overview and Level Annotations

Branches:
Dungeon (8/15)             Temple (0/1) D:4            Lair (2/6) D:8
  Sewer (visited)
  Swamp: Lair:2-4    Shoals: Lair:2-4     Snake: Lair:2-4    Spider: Lair:2-4

Altars:
Ashenzari
Dithmenos
Fedhas
Hepliaklqana
Nemelex Xobeh
Ru
Sif Muna
Xom
The Shining One


Innate Abilities, Weirdness & Mutations

You have a beak for a mouth.
You have claws for feet.
You cannot be stealthy.
You cannot study or use magical devices.
You can fly continuously.
You are sensitive to extremes of temperature. (rF-, rC-)


Message History

The eight-headed hydra bites you. The eight-headed hydra misses you.
The eight-headed hydra bites you. The eight-headed hydra misses you.
You block the eight-headed hydra's attack.
The eight-headed hydra bites you!
* * * LOW HITPOINT WARNING * * *
You focus your inner power and slow the eight-headed hydra in retribution!
The eight-headed hydra completely misses you.
The eight-headed hydra burns!
The foxfire hits the eight-headed hydra.
The eight-headed hydra is moderately wounded.
The foxfire hits the eight-headed hydra.
The eight-headed hydra is heavily wounded.
Casting: Foxfire (safe; 1% risk of failure)
Confirm with . or Enter, or press ? or * to list all spells.
You conjure some foxfire!
The eight-headed hydra burns!
The eight-headed hydra stops burning.
The eight-headed hydra bites you!
* * * LOW HITPOINT WARNING * * *
The eight-headed hydra closely misses you.
The eight-headed hydra misses you. The eight-headed hydra bites you.
You die...

.................
.........P........
#..................
#..................
###..................
$...........>†.......
......P.....<<....P..
...........vD........
...........v@§.[.....
.....................
..............[..(...
.......†....P........
.....................
.....................
.....................
....................
.................


You could see an eight-headed hydra (slow).

Vanquished Creatures
  3 hydras (Lair:1)
  Erica (Lair:2)
  A cyclops (D:8)
  A black mamba (Lair:1)
  A cane toad (Lair:1)
  A komodo dragon (Lair:1)
  Prince Ribbit (D:6)
  4 blink frogs
  A wyvern (Lair:1)
  14 yaks
  A basilisk (Lair:1)
  2 wargs (D:8)
  5 water moccasins (Lair:1)
  4 orc warriors
  A black bear (D:8)
  3 phantoms
  An ice beast (D:5)
  An ogre (D:6)
  3 centaurs
  2 big kobolds
  3 bullfrogs (Lair:1)
  A scorpion (D:6)
  5 killer bees (D:7)
  2 howler monkeys
  2 jellies
  6 orc priests
  Crazy Yiuf (D:4)
  2 bullfrog skeletons
  A centaur skeleton (D:5)
  3 hounds
  10 orc wizards
  4 iguanas
  3 worker ants
  2 hound skeletons
  A worker ant zombie (D:7)
  2 howler monkey skeletons
  7 adders
  3 river rats
  6 white imps
  An ufetubus (D:5)
  4 oozes
  3 worms
  A dart slug (D:3)
  8 leopard geckos
  31 orcs
  2 ball pythons
  3 bats
  7 giant cockroaches
  6 goblins
  6 hobgoblins (D:1)
  15 jackals
  16 kobolds
  3 quokkas
  A frilled lizard (D:3)
  A giant cockroach zombie (D:5)
  10 rats
233 creatures vanquished.

Vanquished Creatures (collateral kills)
  2 foxfires
2 creatures vanquished.

Vanquished Creatures (others)
  A black bear (D:6)
  A centaur (D:8)
  A bullfrog (Lair:1)
  785 foxfires
  2 fungi (Lair:1)
  6 plants (Lair:1)
796 creatures vanquished.

Grand Total: 1031 creatures vanquished

Notes
Turn   | Place    | Note
-------+----------+-------------------------------------------
     0 | D:1      | raph the Tengu Fire Elementalist began the quest for the
                  | Orb.
     0 | D:1      | Reached XP level 1. HP: 10/10 MP: 4/4
   141 | D:1      | Reached XP level 2. HP: 15/15 MP: 1/6
   727 | D:1      | Reached XP level 3. HP: 9/19 MP: 1/7
  1032 | D:1      | Found a sacrificial altar of Ru.
  1060 | D:1      | Reached skill level 2 in Conjurations
  1435 | D:1      | Learned a level 3 spell: Conjure Flame
  2204 | D:1      | Became a worshipper of Ru the Awakened
  2988 | D:2      | Reached XP level 4. HP: 24/24 MP: 2/8
  4326 | D:3      | Found a faded altar of an unknown god.
  4435 | D:3      | Gained mutation: You cannot be stealthy. [Ru sacrifice]
  4647 | D:3      | Gained mutation: You can fly continuously. [Tengu growth]
  4647 | D:3      | Reached XP level 5. HP: 24/28 MP: 1/9
  5091 | D:4      | Reached skill level 3 in Conjurations
  5160 | D:4      | Found a broken altar of Ashenzari.
  5192 | D:4      | Reached skill level 5 in Fire Magic
  5197 | D:4      | Learned a level 4 spell: Sticky Flame
  5316 | D:4      | Reached XP level 6. HP: 31/32 MP: 8/11
  5440 | D:4      | Got an iridescent hunting sling
  5441 | D:4      | Identified the +8 hunting sling "Kacemuh" {flame, rN+++
                  | Str-4 Int+3} (You found it on level 4 of the Dungeon)
  5543 | D:4      | Found a staircase to the Ecumenical Temple.
  5564 | D:4      | Found a runed translucent door.
  5565 | D:4      | Noticed Crazy Yiuf
  5582 | D:4      | Killed Crazy Yiuf
  5940 | D:5      | Entered Level 5 of the Dungeon
  6154 | D:5      | Reached skill level 4 in Conjurations
  6293 | D:5      | Found a glowing drain.
  6297 | Sewer    | Entered a sewer
  6564 | Sewer    | Reached XP level 7. HP: 36/36 MP: 1/12
  6862 | Sewer    | Found a white marble altar of Elyvilon.
  6946 | D:5      | Reached skill level 5 in Conjurations
  7201 | D:5      | Gained mutation: You cannot study or use magical devices.
                  | [Ru sacrifice]
  7201 | D:5      | Reached * piety under Ru
  7201 | D:5      | Reached ** piety under Ru
  7201 | D:5      | Reached *** piety under Ru
  7269 | D:5      | Learned a level 5 spell: Fireball
  7407 | D:5      | Reached XP level 8. HP: 37/41 MP: 9/14
  7591 | D:5      | Reached skill level 6 in Conjurations
  8128 | D:6      | Reached skill level 5 in Dodging
  8128 | D:6      | Reached skill level 7 in Conjurations
  8393 | D:6      | Found a shimmering blue altar of Sif Muna.
  8463 | D:6      | Found a shadowy altar of Dithmenos.
  8638 | D:6      | Found a blossoming altar of Fedhas.
  8638 | D:6      | Found a sparkling altar of Nemelex Xobeh.
  8638 | D:6      | Found a shimmering altar of Xom.
  8638 | D:6      | Found a sacrificial altar of Ru.
  8647 | D:6      | Found a hazy altar of Hepliaklqana.
  8652 | D:6      | Found a glowing golden altar of the Shining One.
  8756 | D:6      | Got a wavering bronze ring
  9027 | D:7      | Noticed Prince Ribbit
  9048 | D:6      | Killed Prince Ribbit
  9049 | D:6      | Reached skill level 8 in Conjurations
  9049 | D:6      | Reached XP level 9. HP: 30/45 MP: 11/16
  9887 | D:7      | Gained mutation: You are sensitive to extremes of
                  | temperature. (rF-, rC-) [Ru sacrifice]
  9887 | D:7      | Reached **** piety under Ru
  9887 | D:7      | Reached ***** piety under Ru
 10052 | D:7      | Reached skill level 9 in Conjurations
 10354 | D:7      | Reached skill level 5 in Spellcasting
 11023 | D:8      | Learned a level 3 spell: Inner Flame
 11189 | D:8      | Reached skill level 1 in Fighting
 11200 | D:8      | Identified the ring of Eneoc {*Contam rPois rC+ Dex+4
                  | Stlth+} (You found it on level 6 of the Dungeon)
 11722 | D:8      | Found a staircase to the Lair.
 11831 | D:8      | Noticed a cyclops
 11836 | D:8      | Reached skill level 10 in Conjurations
 11836 | D:8      | Reached XP level 10. HP: 51/53 MP: 12/18
 11840 | D:8      | Killed a cyclops
 12289 | Lair:1   | Entered Level 1 of the Lair of Beasts
 12414 | Lair:1   | Reached skill level 10 in Fire Magic
 12541 | Lair:1   | Noticed a cane toad
 12554 | Lair:1   | Killed a cane toad
 12555 | Lair:1   | Reached skill level 11 in Conjurations
 12896 | Lair:1   | Noticed an eight-headed hydra
 12910 | Lair:1   | Killed an eight-headed hydra
 12911 | Lair:1   | Reached XP level 11. HP: 61/61 MP: 2/19
 12939 | Lair:1   | Reached skill level 12 in Conjurations
 13356 | Lair:1   | Noticed a four-headed hydra
 13369 | Lair:1   | Killed a four-headed hydra
 13657 | Lair:1   | Learned a level 3 spell: Dazzling Flash
 13666 | Lair:1   | Noticed a five-headed hydra
 13673 | Lair:1   | Killed a five-headed hydra
 14217 | Lair:2   | Noticed Erica
 14226 | Lair:2   | Killed Erica
 14359 | Lair:1   | Reached skill level 5 in Fighting
 14768 | Lair:2   | Reached skill level 13 in Conjurations
 14847 | Lair:2   | Noticed an eight-headed hydra
 14925 | Lair:2   | Slain by an eight-headed hydra

Illustrated notes

Levels and vault maps discovered:
D:1:      dpeg_cavernosity, layout_basic, serial_glass, glass_columns_a,
          glass_columns_b, item_on_display_a, item_on_display_a,
          minmay_strange_pillars, minmay_strange_pillars,
          kennysheep_flooded_box, minmay_tiny_reverse_x
D:2:      layout_basic
D:3:      layout_loops_ring, chequers_ecumenical_altar_island,
          minmay_randomly_rotated_circles
D:4:      layout_loops_ring, overflow_temple_1_default,
          minmay_temple_entry_statues_pillars, chequers_jeans,
          uniq_crazy_yiuf_cottage
D:5:      layout_cave_pools, gup_sewer_entry_bowl, kennysheep_generic_room_11
D:6:      layout_gridville, minmay_overflow_temple_hex, kennysheep_mini_moat,
          nicolae_dithmenos_the_darkroom
D:7:      layout_layer_cave, uniq_prince_ribbit1
D:8:      layout_gridville, erik_lair_orcish_takeover
Lair:1:   layout_chaotic_city
Lair:2:   dpeg_oklob_shooting_range, layout_regular_city,
          skrybe_swamp_entry_bodies, gammafunk_ghost_split, grunt_megastairs_1,
          uniq_erica

Skill      XL: |  1  2  3  4  5  6  7  8  9 10 11 |
---------------+----------------------------------+-----
Conjurations   | 2 3 4 5 8 10 11 13 | 13.1
Fire Magic     | 4 5 6 8 9 10 11 | 11.8
Stealth        | 0 |  0.0
Dodging        | 3 4 5 6 7 8 |  8.5
Spellcasting   | 3 4 5 |  5.1
Fighting       | 1 4 5 |  5.1

Action                   |  1- 3 |  4- 6 |  7- 9 | 10-12 || total
-------------------------+-------+-------+-------+-------++-------
Melee: Unarmed           |     4 |       |       |       ||     4
       Kick              |     4 |    14 |    22 |    27 ||    67
       Whip              |     8 |    27 |       |       ||    35
       Peck              |     1 |     3 |     9 |    14 ||    27
       Quarterstaff      |       |    32 |    64 |    50 ||   146
 Fire: Shortbow          |       |    12 |       |       ||    12
 Cast: Foxfire           |    73 |    78 |   221 |    91 ||   463
       Conjure Flame     |       |     2 |     1 |     1 ||     4
       Sticky Flame      |       |     2 |    15 |    19 ||    36
       Fireball          |       |       |     3 |    19 ||    22
       Inner Flame       |       |       |       |     1 ||     1
       Dazzling Flash    |       |       |       |     4 ||     4
Invok: Sacrifice Stealth |       |     1 |       |       ||     1
       Sacrifice Artific |       |       |     1 |       ||     1
       Sacrifice Resista |       |       |     1 |       ||     1
 Abil: Fly               |       |     1 |       |       ||     1
  Use: Scroll            |       |     7 |    11 |     2 ||    20
 Stab: Sleeping          |       |     1 |       |       ||     1
       Invisible         |       |       |     1 |     1 ||     2
       Distracted        |       |       |     3 |     2 ||     5
       Paralysed         |       |       |       |     2 ||     2
Armor: Robe              |     5 |    14 |    18 |    10 ||    47
Dodge: Dodged            |    21 |    59 |   100 |   109 ||   289
Block: Other             |       |       |     7 |    26 ||    33
       Reflection        |       |       |     2 |     1 ||     3
